[Event "Czech Championship 2022"]
[Site "Usti nad Labem"]
[Date "2022.05.14"]
[Round "1.2"]
[White "Brejnik, Gustav"]
[Black "Babula, Vlastimil"]
[Result "1/2-1/2"]
[ECO "E15"]
[WhiteElo "2246"]
[BlackElo "2576"]
[Annotator "TA"]
[PlyCount "36"]
[EventDate "2022.05.12"]
[EventType "swiss"]
[EventCountry "CZE"]
[SourceTitle "playchess.com"]
[Source "ChessBase"]
[SourceQuality "1"]
[TimeControl "40/5400+30:1800+30"]

1. d4 {[%emt 0:00:04] Sagar Shah/CB Website} Nf6 2. c4 e6 3. Nf3 b6 4. g3 Ba6 5. b3 Bb4+ 6. Bd2 Be7 7. Nc3 d5 8. cxd5 exd5 9. Bg2 O-O 10. O-O Re8 11. a3 {[%emt 0:00:15] E15: Queen's Indian: 4 g3 sidelines, 4 g3 Ba6 and 4 g3 Bb7 early deviations.} c5 12. dxc5 bxc5 13. Ne5 {[%emt 0:01:21][%cal Oc3d5] White has an edge.} Bb7 14. Bf4 {[%emt 0:00:27] [#]} Bf8 $146 ({Predecessor:} 14... Nbd7 15. Nc4 Nb6 16. Na5 Ba6 17. b4 cxb4 18. axb4 Bxb4 19. Nc6 Bxc3 20. Nxd8 Bxe2 {½-½ (36) Caruana,F (2794)-Karjakin,S (2760) Moscow 2016 CBM 172 [Sagar Shah/CB Website]}) 15. Nc4 Bc6 $1 {[%emt 0:03:54] The position is equal.} 16. Ne5 Bb7 17. Nc4 Bc6 $1 18. Ne5 Bb7 {[%emt 0:53:54] Not much happened in this game.  Weighted Error Value: White=0.11 (very precise) /Black=0.04 (flawless)} 1/2-1/2

[Event "Czech Championship 2022"]
[Site "Usti nad Labem"]
[Date "2022.05.14"]
[Round "1.3"]
[White "Hracek, Zbynek"]
[Black "Freisler, Pavel"]
[Result "1-0"]
[ECO "C66"]
[WhiteElo "2570"]
[BlackElo "2239"]
[Annotator "TA"]
[PlyCount "65"]
[EventDate "2022.05.12"]
[EventType "swiss"]
[EventCountry "CZE"]
[SourceTitle "playchess.com"]
[Source "ChessBase"]
[SourceQuality "1"]
[TimeControl "40/5400+30:1800+30"]

1. e4 e5 2. Nf3 Nc6 3. Bb5 Nf6 4. d3 d6 5. O-O g6 6. d4 {[%emt 0:00:43] Threatens to win with dxe5. C66: Ruy Lopez: Steinitz Defence.} Bd7 7. d5 Ne7 8. Bxd7+ {[%emt 0:00:06] White is slightly better.} Qxd7 9. Re1 Bg7 10. c4 O-O 11. Nc3 h6 12. a4 a5 13. c5 Ne8 $1 14. Be3 {[%emt 0:14:33][%cal Bc1e3,Be3c5,Bc5a3][%mdl 32] [#]} dxc5 $146 {[%emt 0:12:10] Black is now going downhill.} (14... f5 $1 $14) ({Predecessor:} 14... f5 15. Qb3 Qc8 16. Rac1 Kh7 17. cxd6 Nxd6 18. Bc5 Qd7 19. exf5 Rxf5 20. Bxd6 cxd6 21. Nb5 Raf8 22. Rc7 Qd8 23. Nfd4 exd4 24. Rexe7 Rg8 25. Nxd4 Re5 26. Qxb7 {1-0 (26) Zhigalko,S (2639)-Vignesh,N (2411) Dubai 2017}) 15. Bxc5 $16 Nd6 16. Rc1 b6 17. Ba3 Rfc8 18. Qd3 f6 (18... Rab8 $142) 19. Nd2 {[%emt 0:59:43] White is more active.} Bf8 (19... Nf7 $16 {was necessary.} 20. Nc4 Rcb8) 20. Nc4 $18 Nxc4 21. Qxc4 Kg7 22. Qb3 Rab8 (22... c6 $16 {was called for.}) 23. Red1 c5 24. dxc6 $1 Qxc6 {[%emt 0:00:01] [#]} 25. Rd6 $1 Qc4 26. Qxc4 Rxc4 27. Rd7 Re8 28. b3 Rc6 29. Nd5 {[%emt 0:00:00] [#] Strongly threatening Rxc6.} Rxc1+ 30. Bxc1 {[%emt 0:00:00] aiming for Ba3.} Kf7 31. Ba3 f5 32. Rb7 fxe4 33. Kf1 {[%emt 0:00:00] Weighted Error Value: White=0.04 (flawless) /Black=0.23 (precise)} ({Not} 33. Nxb6 Rd8 34. h3 Ke6 $16) 1-0

[Event "Czech Championship 2022"]
[Site "Usti nad Labem"]
[Date "2022.05.14"]
[Round "1.4"]
[White "Nytra, Ondrej"]
[Black "Plat, Vojtech"]
[Result "0-1"]
[ECO "C41"]
[WhiteElo "2219"]
[BlackElo "2547"]
[Annotator "TA"]
[PlyCount "76"]
[EventDate "2022.05.12"]
[EventType "swiss"]
[EventCountry "CZE"]
[SourceTitle "playchess.com"]
[Source "ChessBase"]
[SourceQuality "1"]
[TimeControl "40/5400+30:1800+30"]

1. e4 e5 2. Nf3 d6 3. Nc3 Nf6 4. d4 exd4 5. Nxd4 Be7 6. Bc4 O-O 7. f3 Nc6 {[%emt 0:00:51] C41: Philidor Defence.} 8. a4 Ne5 9. Ba2 {[%emt 0:01:22] [#]} c6 $146 {[%emt 0:00:08] The position is equal.} ({Predecessor:} 9... Bd7 10. O-O c5 11. Ndb5 Bc6 12. Nd5 Nxd5 13. Bxd5 a6 14. Nc3 Qc7 15. g4 Kh8 {1-0 (55) Morros Faura,R (2242)-Zaiats,V (2048) Santa Eulalia de Roncana 2010}) 10. Be3 d5 11. exd5 cxd5 12. Qe2 Re8 13. O-O Bc5 14. Qb5 {[%emt 0:13:13] Prevents Nc6.} (14. Qf2 $11) 14... b6 $15 {[%emt 0:06:51] [#] White must now prevent ...Bd7.} 15. Nxd5 Bb7 16. Nxf6+ Qxf6 17. Bf2 Rad8 {[%emt 0:02:05][%mdl 1024] Hoping for ...a6. Black has compensation.} ({Don't play} 17... Bxd4 18. Bxd4 Nxf3+ 19. Rxf3 Qxd4+ 20. Rf2 $11) 18. c3 a6 $36 {[%emt 0:01:52][%mdl 2048] Black has good play.} 19. Qb3 Nd3 20. Rad1 $2 {[%emt 0:03:13] This costs White the game.} (20. Qc2 $15 Nxf2 21. Rxf2) 20... Bd5 $19 21. Qxd5 Rxd5 22. Bxd5 Nxb2 23. Rd2 Nxa4 24. Bc6 {[%emt 0:00:10] [#]} Bxd4 $1 25. Bxe8 Bxf2+ ({Less strong is} 25... Bxc3 26. Rd7 $14) 26. Rfxf2 Nc5 ({Not} 26... Nxc3 27. Rd7 $11) 27. c4 (27. Rc2 $142) 27... Qa1+ 28. Rf1 Qe5 29. Rd8 (29. Rfd1 $142) 29... g6 30. Bc6+ Kg7 31. Bd5 b5 32. g3 $2 (32. cxb5 Qf6 33. Re8 Qd4+ 34. Kh1 Qxd5 35. bxa6 Nxa6 36. Re2) 32... Qd4+ 33. Kh1 bxc4 34. Re1 c3 {[%emt 0:01:59] Threatens to win with ...c2.} 35. Re7 c2 {[%emt 0:00:04] Black mates.} 36. Rxf7+ Kh6 37. f4 Qf2 38. Bc4 c1=R+ {[%emt 0:00:09] Weighted Error Value: White=0.93/Black=0.13 (very precise)} 0-1

[Event "Czech Championship 2022"]
[Site "Usti nad Labem"]
[Date "2022.05.14"]
[Round "1.5"]
[White "Stocek, Jiri"]
[Black "Babula, Vlastimil jr"]
[Result "1-0"]
[ECO "D90"]
[WhiteElo "2533"]
[BlackElo "2576"]
[Annotator "TA"]
[PlyCount "59"]
[EventDate "2022.05.12"]
[EventType "swiss"]
[EventCountry "CZE"]
[SourceTitle "playchess.com"]
[Source "ChessBase"]
[SourceQuality "1"]
[TimeControl "40/5400+30:1800+30"]

1. d4 Nf6 2. c4 g6 3. Nc3 d5 4. Nf3 Bg7 5. cxd5 Nxd5 6. Bg5 c5 {[%emt 0:06:10] D90: Grünfeld: 4 Nf3 Bg7 sidelines.} 7. Rc1 Nxc3 8. bxc3 (8. Rxc3 cxd4 9. Rc1 h6 $17) 8... O-O {[%emt 0:11:55] The position is equal.} 9. e4 cxd4 10. cxd4 Bg4 11. d5 Qd6 12. Be2 Nd7 13. O-O {[%emt 0:04:43] [#]} f5 $146 (13... Rac8 $11 {keeps the balance.}) ({Predecessor:} 13... Rac8 14. Qd2 Bxf3 15. Bxf3 e6 16. h3 h5 17. Rfe1 Rfe8 18. Be3 a6 19. Red1 Rxc1 20. Qxc1 exd5 21. exd5 {1-0 (30) Laurusas,T (2507)-Semjonovs,I (2383) Panevezys 2019}) 14. Nd2 ({White should play} 14. Qb3 $16) 14... Bxe2 $1 $11 15. Qxe2 Rae8 16. Nc4 Qa6 17. exf5 Rxf5 18. d6 e5 (18... Rxg5 $11 19. Qe6+ Kf8 20. Qxd7 Rc5) 19. Be7 (19. Qd2 $16) 19... Bf6 $14 20. Qd2 $36 {[%emt 0:02:27][%mdl 2048] White is really pushing.} Bxe7 21. dxe7 Rxe7 22. Nd6 Rf8 23. Rc7 {[%emt 0:00:39] Rfc1 is the strong threat.} Rg7 24. Rfc1 {[%emt 0:00:50][%cal Bf1c1,Bc1c4,Bc4c7][%mdl 32] [#] Strongly threatening Qd5+. White is more active.} ({Much weaker is} 24. Nxb7 Nf6 25. Rxg7+ (25. Rfc1 Rxc7 26. Rxc7 Qb6 $11) 25... Kxg7 $11) 24... Qa4 $2 {[%emt 0:04:54][%mdl 8192] A mistake that costs the game.} (24... Nf6 $2 25. Rxg7+ Kh8 26. Rxb7 $18) (24... Qb6 $16 {is tougher.}) 25. R1c4 $18 Qa3 26. Rxb7 Nb6 {[%emt 0:05:52] Hoping for ...Rxb7.} 27. Rxg7+ Kxg7 28. Rc7+ ({Less strong is} 28. Rh4 h5 $14) 28... Kf6 29. Nb5 Qa4 30. Qd6+ {[%emt 0:01:20] Weighted Error Value: White=0.15 (very precise) /Black=0.66} 1-0

[Event "Czech Championship 2022"]
[Site "Usti nad Labem"]
[Date "2022.05.14"]
[Round "1.6"]
[White "Buchcar, Tomas"]
[Black "Krejci, Jan"]
[Result "1-0"]
[ECO "C24"]
[WhiteElo "2183"]
[BlackElo "2520"]
[Annotator "TA"]
[PlyCount "81"]
[EventDate "2022.05.12"]
[EventType "swiss"]
[EventCountry "CZE"]
[SourceTitle "playchess.com"]
[Source "ChessBase"]
[SourceQuality "1"]
[TimeControl "40/5400+30:1800+30"]

1. e4 e5 2. Bc4 Nf6 3. d3 c6 4. Nf3 d5 5. Bb3 a5 {[%emt 0:00:43][%cal Ba7a5,Ba5a4][%mdl 32] Threatens to win with ...a4.} 6. a3 {[%emt 0:04:09] C24: Bishop's Opening: 2...Nf6.} ({But not} 6. Nxe5 $2 a4 7. Bxd5 cxd5 8. exd5 Nxd5 $19) 6... a4 7. Ba2 Bd6 8. Nc3 {[%emt 0:01:01][%cal Re4d5] The position is equal.} Be6 9. Ng5 Bg4 10. f3 Bh5 {[%emt 0:01:06] [#]} 11. h4 $146 ({Predecessor:} 11. Qe2 h6 12. Nh3 Nbd7 13. O-O Nb6 14. Kh1 O-O 15. Qf2 Bg6 16. Ne2 Nfd7 17. g4 {1-0 (39) Bortnyk,O (2598)-Petrosyan,M (2607) Chess.com INT 2020}) 11... h6 12. Nh3 Nbd7 13. Qe2 (13. g4 {is more appropriate.}) 13... Bg6 {[%emt 0:04:05] Strongly threatening ...Nh5.} (13... d4 $5 14. Nd1 Bg6 $15) 14. exd5 Nh5 15. dxc6 Ng3 16. cxd7+ Qxd7 {[%emt 0:03:57] [#]} (16... Kxd7 $14 17. Qe3 Nxh1) 17. Qe3 $1 $16 {[%emt 0:03:26][%cal Oh4h5] h5! is the strong threat. Black is on the road to losing.} Nxh1 18. Nf4 $1 $36 {[%emt 0:03:08][%mdl 2048] Black is under strong pressure.} Qf5 (18... Bh7 $16) 19. Ne4 Rd8 {[%emt 0:06:24][%mdl 8192] [#]} (19... Be7 $16 {is a better chance.}) 20. Qb6 $1 $18 Be7 {[%emt 0:01:28] [#]} 21. Nxg6 ({White has to play} 21. g4 $1 $18 Bxh4+ 22. Kf1 Ng3+ 23. Kg2) 21... fxg6 (21... Qxg6 $14 22. Qxg6 (22. Qxb7 $2 Qxg2 23. Kd1 Kf8 $19) 22... fxg6) 22. Ke2 Bxh4 23. g4 Ng3+ 24. Nxg3 Qf6 25. Qb5+ Qc6 26. Qxc6+ bxc6 27. Ne4 Be7 28. Bd2 h5 29. Rh1 Kd7 30. g5 Rhf8 31. Bc3 Rf5 32. Bd2 $2 (32. Rd1 $18) 32... Rb8 $2 (32... Rff8 $1 $11 33. Rd1 Rf5) 33. Bc1 Rh8 34. c3 h4 35. Rh3 {[%emt 0:00:30] White is clearly winning.} Rh5 36. Bb1 Rf8 37. Bc2 Ra8 38. d4 exd4 39. cxd4 Ra5 40. f4 Rh8 41. Nc3 {[%emt 0:33:00] Weighted Error Value: White=0.40/Black=0.74} 1-0

[Event "Czech Championship 2022"]
[Site "Usti nad Labem"]
[Date "2022.05.14"]
[Round "1.7"]
[White "Zwardon, Vojtech"]
[Black "Jun, Rudolf"]
[Result "1-0"]
[ECO "A24"]
[WhiteElo "2482"]
[BlackElo "2183"]
[Annotator "TA"]
[PlyCount "65"]
[EventDate "2022.05.12"]
[EventType "swiss"]
[EventCountry "CZE"]
[SourceTitle "playchess.com"]
[Source "ChessBase"]
[SourceQuality "1"]
[TimeControl "40/5400+30:1800+30"]

1. c4 Nf6 2. Nc3 g6 3. g3 Bg7 4. Bg2 O-O 5. d3 c6 6. e4 e5 7. Nge2 {[%emt 0:00:57] A24: English Opening vs King's Indian: Lines without ...Nc6.} Na6 8. h3 Nc7 9. O-O {[%emt 0:00:55] The position is equal.} d5 10. exd5 cxd5 11. Bg5 {[%emt 0:00:06] [#]} Be6 $146 ({Predecessor:} 11... d4 12. Ne4 h6 13. Nxf6+ Bxf6 14. Bxh6 Re8 15. Qd2 Kh7 16. h4 Rh8 {1-0 (52) Gurevich,M (2634)-Markos,J (2557) Beijing 2008}) 12. Qb3 dxc4 13. dxc4 Rb8 (13... b5 $1 $11) 14. Qa4 Qd7 15. Qxd7 Bxd7 16. Rfd1 {[%emt 0:01:01] [#] Hoping for Bxf6.} Be6 17. Nd5 Ncxd5 18. cxd5 Bd7 19. Rac1 Rfc8 {[%emt 0:01:37] Inhibits Rc7.} 20. Nc3 Ne8 21. d6 Bf8 22. Be7 {[%emt 1:16:18] 0x0.002d059e1fc1dp-1022s more active pieces.} (22. Ne4 $16) 22... b5 23. Ne4 {[%emt 0:00:00] Black must now prevent Nc5.} Rxc1 24. Rxc1 {[%emt 0:00:00] Strongly threatening Nc5.} Bh6 $2 {[%emt 0:00:00][%mdl 8192] [#]} (24... Rc8 $1 $11 {and Black has nothing to worry.} 25. Rd1 f5) 25. Rc7 $1 Nxc7 (25... Be6 26. Rxa7) 26. Nf6+ (26. dxc7 Rc8 $16) 26... Kh8 27. Nxd7 Na6 28. Nxe5 Nc5 29. b4 ({Less strong is} 29. d7 Nxd7 30. Nxd7 Rc8 $18) 29... Ne6 30. Bd5 Kg8 (30... Bf8 31. Nxf7+ Kg7 32. Bxe6 Bxe7) 31. Bxe6 {[%emt 0:00:00] White is clearly winning.} fxe6 32. d7 Bg7 33. Nc6 {[%emt 0:00:00][%csl LRa7,LRb8] Weighted Error Value: White=0.16 (very precise) /Black=0.52} 1-0

[Event "Czech Championship 2022"]
[Site "Usti nad Labem"]
[Date "2022.05.14"]
[Round "1.8"]
[White "Krivanek, Vladimir"]
[Black "Kraus, Tomas"]
[Result "0-1"]
[ECO "A09"]
[WhiteElo "2180"]
[BlackElo "2472"]
[Annotator "TA"]
[PlyCount "70"]
[EventDate "2022.05.12"]
[EventType "swiss"]
[EventCountry "CZE"]
[SourceTitle "playchess.com"]
[Source "ChessBase"]
[SourceQuality "1"]
[TimeControl "40/5400+30:1800+30"]

1. Nf3 d5 2. c4 d4 3. b4 Bg4 4. e3 e5 {[%emt 0:13:51][%cal Be7e5,Be5e4,Be4f3][%mdl 32] [#]} 5. exd4 $146 ({Predecessor:} 5. h3 Bxf3 6. Qxf3 c6 7. Bb2 Bxb4 8. Qg3 Qf6 9. Qg4 Nd7 10. exd4 exd4 11. Bxd4 Qe7+ 12. Qe2 Ngf6 13. Qxe7+ Bxe7 {½-½ (13) Banusz,T (2595)-Roiz,M (2572) Biel 2014}) 5... e4 6. Qe2 {[%emt 0:04:33] A09: Réti Opening: 1 Nf3 d5 2 c4.} Qe7 (6... Nf6 $5 7. Qe3 (7. Nc3 Qe7 $15) 7... Bxb4 $11) 7. h3 Bh5 {[%emt 0:00:37][%mdl 64] [#] Pin} 8. g4 {[%emt 0:00:15] The position is equal.} exf3 {[%emt 0:00:10][%mdl 64] Pin} 9. Qxe7+ Bxe7 10. gxh5 Bf6 11. Nc3 Bxd4 12. Bd3 (12. Bb2 $11) 12... Nf6 13. O-O O-O 14. Ba3 (14. Rb1 $142) 14... Nbd7 $17 15. Rfe1 Rfe8 {[%emt 0:08:32] Hoping for ...Re5.} ({Inferior is} 15... Nxh5 16. Re4 c5 17. bxc5 Bxc5 18. Bxc5 Nxc5 19. Re3 $15) 16. h6 {[%emt 0:07:00] [#]} (16. Rab1 $17) 16... Ne5 ({Weaker is} 16... gxh6 17. Rab1) (16... Re5 $1 $19 {[%cal Re5g5] aiming for ...Rg5+.} 17. Rab1 Rg5+ 18. Kh1 Rh5) 17. Bf1 g5 (17... Nh5 $142 {And now ...Re6 would win.} 18. Rad1 Re6) 18. Rac1 c6 {[%emt 0:02:21] Inhibits Nb5. Black is much more active.} 19. Ne4 $2 {[%emt 0:03:34] This costs White the game.} (19. Bb2 $17 {was worth a try.} Rad8 20. Rb1) 19... Nxe4 $19 20. Rxe4 Rad8 21. Rce1 f5 22. Rxd4 Rxd4 23. d3 {[%emt 0:02:46] Black must now prevent Bb2.} Rdd8 24. Bb2 Ng6 25. Rd1 (25. Re3 $142) 25... Kf7 26. Bc1 Nf4 {[%emt 0:01:28] Strongly threatening ...Ne2+.} 27. Be3 Kg6 {[%emt 0:00:51] ...Ne2+ is the strong threat.} 28. Kh2 Ne2 29. Rd2 Nd4 30. a4 f4 31. Bxd4 Rxd4 32. Rd1 {[%emt 0:01:18] Inhibits Re1.} Kxh6 33. b5 c5 34. b6 a6 35. h4 g4 {[%emt 0:00:17] Weighted Error Value: White=1.13/Black=0.14 (very precise)} 0-1

[Event "Czech Championship 2022"]
[Site "Usti nad Labem"]
[Date "2022.05.14"]
[Round "1.9"]
[White "Cernousek, Lukas"]
[Black "Soucek, Petr"]
[Result "1-0"]
[ECO "E90"]
[WhiteElo "2440"]
[BlackElo "2177"]
[Annotator "TA"]
[PlyCount "115"]
[EventDate "2022.05.12"]
[EventType "swiss"]
[EventCountry "CZE"]
[SourceTitle "playchess.com"]
[Source "ChessBase"]
[SourceQuality "1"]
[TimeControl "40/5400+30:1800+30"]

1. d4 Nf6 2. c4 g6 3. Nc3 Bg7 4. e4 d6 5. h3 O-O 6. Be3 c5 7. Nf3 cxd4 8. Nxd4 (8. Qxd4 {[#]} Ng4 $1 9. Qd2 Nxe3 10. Qxe3 Nc6 $15) 8... b6 {[%emt 0:00:23] E90: King's Indian: Classical: Early deviations and 6 h3.} 9. Qd2 Bb7 10. f3 Nbd7 {[%emt 0:01:03] White is slightly better.} 11. O-O-O Rc8 12. h4 h5 {[%emt 0:00:52] [#]} 13. Kb1 $146 (13. Bh6 {is interesting.} Ne5 14. Bxg7 Kxg7 15. b3) ({Predecessor:} 13. Bh6 Ne5 14. g4 e6 15. Bxg7 Kxg7 16. g5 Ne8 17. b3 d5 18. f4 Nd7 19. cxd5 exd5 {1-0 (32) Parligras,M (2575)-Coca,C (2147) Eforie Nord 2022}) 13... Ne5 14. b3 a6 15. Be2 Re8 16. Rc1 e6 17. Bg5 Qc7 18. Rhd1 Nh7 19. Be3 Nf6 20. Bg5 Nh7 21. Bh6 Rcd8 22. Bxg7 Kxg7 23. Na4 (23. g4 $16) 23... Nf6 $14 24. Qb4 Rb8 25. Rd2 Nfd7 (25... Rec8 $5 ) 26. Qa3 Nc5 27. Nc3 Rbc8 28. Qb2 {[%emt 0:00:53] b4 is the strong threat.} Kg8 29. b4 Ncd7 {[%emt 0:00:08] [#]} 30. Ndb5 $1 axb5 31. Nxb5 Qb8 {[%emt 0:00:53][%cal Od6d5] White must now prevent ...d5!} 32. Nxd6 {[%emt 0:00:03] Strongly threatening f4.} Rc7 $1 33. Nxe8 Qxe8 34. Rcd1 Qe7 35. g3 f6 36. a3 Nf8 (36... Nc6 $11 {keeps the balance.}) 37. Qd4 $16 {[%emt 0:00:32] White stays focused until the end.} Ba6 (37... Ned7 $142) 38. b5 ({Don't take} 38. Qxb6 Bxc4 39. Rc1 Rb7 $14) 38... Bb7 (38... Rd7 $16 39. Qb2 (39. Qxb6 Bxb5 40. Rxd7 Bxd7 $16) 39... Bb7) 39. Qxb6 $18 Nxc4 40. Bxc4 Rxc4 41. Rd8 {[%emt 0:09:43][%cal Od1d7] And now R1d7! would win.} Bc8 {[%emt 0:12:23] Inhibits R1d7.} (41... Kf7 $142 42. Kb2 f5) 42. Qd6 Qf7 (42... Kf7 43. Rc1 Qxd6 44. Rxd6 Rxc1+ 45. Kxc1 Ke7) 43. Rc1 Rxc1+ 44. Kxc1 Bb7 45. a4 {[%emt 0:01:04] Hoping for a5.} e5 46. Kb2 {[%emt 0:00:11] White mates.} f5 47. a5 fxe4 48. a6 ({Stronger than} 48. Rxf8+ Qxf8 49. Qxg6+ Kh8 $11) 48... exf3 49. Rxf8+ {[%emt 0:01:23][%mdl 64] Promotion} Qxf8 50. Qxf8+ Kxf8 51. axb7 {[%emt 0:00:04] KP-KP} f2 52. b8=Q+ Kf7 53. Qa7+ Ke6 54. Qxf2 Kd5 55. Kc3 Ke4 56. b6 Kd5 57. b7 Ke4 58. b8=Q {[%emt 0:00:13] Weighted Error Value: White=0.08 (flawless) /Black=0.29 (precise)} 1-0

[Event "Czech Championship 2022"]
[Site "Usti nad Labem"]
[Date "2022.05.14"]
[Round "1.10"]
[White "Horak, Jiri"]
[Black "Rasik, Vitezslav"]
[Result "1/2-1/2"]
[ECO "B08"]
[WhiteElo "2161"]
[BlackElo "2433"]
[Annotator "TA"]
[PlyCount "108"]
[EventDate "2022.05.12"]
[EventType "swiss"]
[EventCountry "CZE"]
[SourceTitle "playchess.com"]
[Source "ChessBase"]
[SourceQuality "1"]
[TimeControl "40/5400+30:1800+30"]

1. d4 d6 2. e4 g6 3. Nf3 Nf6 4. Nc3 Bg7 5. Bc4 O-O 6. O-O Nxe4 7. Nxe4 d5 8. Bd3 dxe4 9. Bxe4 Nd7 10. c3 c5 $1 {[%emt 0:02:47] The main line 10...c5 scores better than 10...Nf6.} 11. dxc5 {[%emt 0:03:26] B08: Pirc Defence: Classical System.} (11. Bc2 $14) 11... Nxc5 $11 {[%emt 0:02:30] [#] Threatens to win with ...Qxd1.} 12. Bc2 {[%emt 0:01:01] [#]} b6 $146 (12... Qc7 {feels hotter.} 13. Ng5 b6 14. Qf3 Bb7) ({Predecessor:} 12... Qc7 13. Be3 b6 14. Bxc5 Qxc5 15. Be4 Rb8 16. Qe2 f5 17. Bc2 e5 18. Rad1 Kh8 19. Qe3 Qxe3 20. fxe3 Ba6 21. Rfe1 {1-0 (79) Jaracz,B (2230)-Chojnacki,K (2367) Trzcianka 2018}) 13. Bf4 Bb7 14. Re1 e6 15. Qxd8 Rfxd8 16. Rad1 {[%emt 0:00:19] Inhibits Nd3.} Bd5 17. a3 Bc6 18. Bg5 f6 {[%emt 0:10:07] [#] White must now prevent ...Bxf3.} 19. Be3 e5 {[%emt 0:03:06] Against Nd4} 20. b4 Rxd1 21. Rxd1 Ba4 22. Bxa4 Nxa4 23. Rc1 Kf7 24. Kf1 Ke6 25. Ke2 Bf8 26. Rc2 a5 27. Bd2 axb4 28. cxb4 Bd6 29. Be3 b5 (29... Ra7 $15) 30. Nd2 f5 31. f3 Kd7 32. Nb3 Rc8 33. Kd2 (33. Rxc8 $15 Kxc8 34. g3) 33... Rxc2+ $17 34. Kxc2 {[%emt 0:00:07][%mdl 4096] Endgame KBN-KBN} Kc6 35. Nd2 Nb6 (35... Kd5 $17) 36. Bxb6 $11 {[%emt 0:00:27] The position is equal.} Kxb6 {[%emt 0:00:01] KB-KN} 37. Nb1 Kc6 38. Nc3 {[%emt 0:00:09] Prevents e4.} e4 39. fxe4 Bxh2 40. exf5 gxf5 41. a4 bxa4 42. Nxa4 Bd6 43. Kd3 Bxb4 44. Ke3 Bd6 45. Nb2 Kd5 46. Nd3 Ke6 47. Kf3 h5 48. Nf2 h4 49. Nd1 Bg3 50. Nc3 Ke5 51. Ne2 Be1 52. Nf4 {[%emt 0:00:00] Threatening mate with Nd3+.} Kd4 {[%emt 0:00:00] Against Nd3} 53. Ng6 Bg3 54. Nxh4 Bxh4 {[%emt 0:00:06] Weighted Error Value: White=0.08 (flawless) /Black=0.06 (flawless)} 1/2-1/2

[Event "Czech Championship 2022"]
[Site "Usti nad Labem"]
[Date "2022.05.14"]
[Round "1.11"]
[White "Finek, Vaclav"]
[Black "Bartos, Jan"]
[Result "1-0"]
[ECO "D02"]
[WhiteElo "2410"]
[BlackElo "2125"]
[Annotator "TA"]
[PlyCount "49"]
[EventDate "2022.05.12"]
[EventType "swiss"]
[EventCountry "CZE"]
[SourceTitle "playchess.com"]
[Source "ChessBase"]
[SourceQuality "1"]
[TimeControl "40/5400+30:1800+30"]

1. d4 Nf6 2. Nf3 d5 3. g3 c5 4. Bg2 cxd4 5. O-O h6 6. a3 {[%emt 0:00:06] D02: 1 d4 d5 2 Nf3 sidelines, including 2...Nf6 3 g3 and 2...Nf6 3 Bf4.} a6 {[%emt 0:02:26] [#]} 7. b4 $146 ({Much weaker is} 7. Qxd4 Nc6 8. Qa4 Bd7 $15) ({Predecessor:} 7. Nxd4 e5 8. Nf3 Nc6 9. b4 Be6 10. Bb2 Qc7 11. Nbd2 Rc8 12. Rc1 b5 13. Nb3 Bd6 {1-0 (46) Samunenkov,I (1964)-Villa Tornero,A (1641) Bratislava 2019}) 7... Nc6 8. Nxd4 {[%emt 0:00:16] White is slightly better.} Nxd4 9. Qxd4 e6 10. c4 {[%emt 0:07:05] White is more active.} dxc4 {[%emt 0:09:30] [#]} (10... Be7 $16) 11. Qxd8+ $1 $18 Kxd8 12. Rd1+ Nd7 13. Bb2 {[%emt 0:01:47][%cal Bc1b2,Bb2c3,Bc3a5,Ba5c7,Bc7d6][%mdl 1056] White has strong compensation.} a5 {[%emt 0:10:05] [#]} 14. b5 a4 15. Bc3 {[%emt 0:11:21] Against Ra5} ({But not} 15. Nd2 Ra5) 15... f6 16. Nd2 Bc5 17. Nxc4 Ke7 18. Rac1 Rb8 19. Rd3 Nf8 (19... b6 $142 20. Bb4 Bxb4) 20. Ba5 Bd7 21. Bc7 Re8 (21... Ng6 $142 22. Na5 Bxb5 23. Bxb8 Rxb8 24. Rxc5 Bxd3 25. exd3 Rd8 26. Rc7+ Rd7) 22. Nd6 {[%emt 0:10:56] White is clearly winning.} Bxd6 23. Bxd6+ ({Less strong is} 23. Rxd6 Bxb5 24. Bxb7 Bxe2 $16) 23... Kd8 24. Rd2 (24. Bxb7 $142 Re7 25. b6) 24... Ng6 25. Bxb7 {[%emt 0:01:18] Black did not feel at home in the position after the opening.  Weighted Error Value: White=0.07 (flawless) /Black=0.42} 1-0